 Dungeon Crawl Stone Soup version 0.30.1-3-gfc49f6343a (webtiles) character file.

Game seed: 10846636432262990104

99103 Peloso the Warrior (level 15, -6/150 HPs)
             Began as a Minotaur Fighter on Aug 1, 2023.
             Was the Champion of Okawaru.
             Killed from afar by an ice dragon (55 damage)
             ... with a blast of cold
             ... on level 11 of the Dungeon.
             The game lasted 01:01:25 (26766 turns).

Peloso the Warrior (Minotaur Fighter)              Turns: 26766, Time: 01:01:30

Health: -6/150     AC: 37    Str: 26    XL:     15   Next: 76%
Magic:  15/15      EV: 13    Int:  8    God:    Okawaru [******]
Gold:   3259       SH: 18    Dex: 18    Spells: 14/14 levels left

rFire   + . .        a - +7 long sword of the Tiger {pain, rElec rN+ SInv Stlth+}
rCold   . . .        d - +1 kite shield {AC+3}
rNeg    + . .        l - +3 plate armour {rF+}
rPois   +            (helmet restricted)
rElec   +            x - +1 cloak of Untruth {Fly rPois Int+3}
rCorr   .            E - +3 pair of gauntlets of War {Slay+5}
SInv    +            m - +2 pair of boots
Will    +....        P - amulet of regeneration Stlth
                     (no ring)
HPRegen 1.25/turn    J - +6 ring of dexterity
MPRegen 0.14/turn

%: no passive effects
@: about to teleport, heroic, flying
A: horns 2, retaliatory headbutt, mutation resistance 1
a: Renounce Religion, Heroism, Finesse, Duel


You were on level 11 of the Dungeon.
You worshipped Okawaru.
Okawaru was exalted by your worship.
You visited 4 branches of the dungeon, and saw 23 of its levels.
You also visited: Ossuary, Gauntlet and Volcano.

You collected 3259 gold pieces.

Inventory:

Hand Weapons
 a - the +7 long sword of the Tiger (weapon) {pain, rElec rN+ SInv Stlth+}
   (Okawaru gifted it to you on level 4 of the Lair of Beasts)

   rElec:     It insulates you from electricity.
   rN:        It protects you from negative energy.
   SInv:      It lets you see invisible.
   Stlth:     It makes you more stealthy.
 b - the +5 mace of Okawaru, Winnowing {flame, rPois}
   (Okawaru gifted it to you on level 1 of the Lair of Beasts)

   rPois:     It protects you from poison.
 c - a +2 falchion of electrocution
Armour
 d - a +1 kite shield of protection (worn)
 l - a +3 plate armour of fire resistance (worn)
 m - a +2 pair of boots (worn)
 x - the +1 cloak of Untruth (worn) {Fly rPois Int+3}
   (You found it in a Gauntlet)

   Int:       It affects your intelligence (+3).
   rPois:     It protects you from poison.
   Fly:       It grants you flight.
 A - a +0 cloak of preservation
 E - the +3 pair of gauntlets of War (worn) {Slay+5}
   (You found it on level 8 of the Dungeon)

   Slay:      It affects your accuracy & damage with ranged weapons and melee
   (+5).
Jewellery
 g - a ring of flight
 w - an amulet of magic regeneration
 J - a +6 ring of dexterity (right hand)
 P - an amulet of regeneration (around neck)
 R - a ring of resist corrosion
 T - an amulet of reflection
 X - a ring of ice
 Z - a ring of positive energy
Wands
 k - a wand of iceblast (6)
 n - a wand of polymorph (5)
 S - a wand of flame (9)
Scrolls
 e - 3 scrolls of blinking
 p - 8 scrolls of teleportation
 q - 2 scrolls of magic mapping
 r - 2 scrolls of poison
 v - 8 scrolls of fear
 y - 9 scrolls of fog
 B - a scroll of silence
 D - 4 scrolls of immolation
 Q - a scroll of acquirement
Potions
 f - 4 potions of might
 h - 2 potions of lignification
 i - 2 potions of berserk rage
 j - 4 potions of haste
 o - 7 potions of heal wounds
 s - 7 potions of curing
 t - 2 potions of brilliance
 u - a potion of invisibility
 z - 6 potions of flight
 I - 2 potions of ambrosia {unknown}
 K - 2 potions of magic {unknown}


   Skills:
 + Level 18.6(23.6) Fighting
 + Level 15.6(20.6) Long Blades
 + Level 12.5(17.5) Maces & Flails
 + Level 16.1(21.1) Armour
 + Level 4.9(9.9) Dodging
 + Level 1.6(6.6) Stealth
 + Level 16.8(21.8) Shields
 + Level 2.5(7.5) Unarmed Combat
 + Level 2.3 Invocations


You had 14 spell levels left.
You didn't know any spells.
Your spell library contained the following spells:

 Spells                   Type           Power      Damage    Failure   Level
 Apportation              Tloc           0%         N/A       93%         1
 Magic Dart               Conj           0%         1d3       93%         1
 Necrotise                Necr           0%         1d4       93%         1
 Sandblast                Erth           0%         2d4       93%         1
 Slow                     Hex            0%         N/A       93%         1
 Cigotuvi's Dreadful Rot  Necr/Pois/Air  0%         N/A       98%         2
 Passwall                 Tmut/Erth      0%         N/A       98%         2
 Poisonous Vapours        Pois/Air       0%         N/A       98%         2
 Sublimation of Blood     Necr           0%         N/A       98%         2
 Confusing Touch          Hex            0%         N/A       100%        3
 Mephitic Cloud           Conj/Pois/Air  0%         N/A       100%        3
 Ozocubu's Armour         Ice            0%         N/A       100%        3
 Stone Arrow              Conj/Erth      0%         3d7       100%        3
 Vampiric Draining        Necr           0%         2d6       100%        3
 Dispel Undead            Necr           0%         3d6       100%        4
 Petrify                  Tmut/Erth      0%         N/A       100%        4
 Freezing Cloud           Conj/Ice/Air   0%         6-21      100%        5
 Irradiate                Conj/Tmut      0%         3d11      100%        5
 Metabolic Englaciation   Hex/Ice        0%         N/A       100%        5
 Eringya's Noxious Bog    Tmut/Pois      0%         N/A       100%        6
 Statue Form              Tmut/Erth      0%         N/A       100%        6
 Chain Lightning          Conj/Air       0%         N/A       100%        9
 Fire Storm               Conj/Fire      0%         5d1       100%        9
 Shatter                  Erth           0%         3d5*      100%        9
 Summon Small Mammal      Summ           Unusable   N/A       N/A         1
 Call Imp                 Summ           Unusable   N/A       N/A         2
 Summon Forest            Summ/Tloc      Unusable   N/A       N/A         5
 Death Channel            Necr           Unusable   N/A       N/A         6
 Simulacrum               Ice/Necr       Unusable   N/A       N/A         6
 Summon Hydra             Summ           Unusable   N/A       N/A         7

Dungeon Overview and Level Annotations

Branches:
Dungeon (15/15)            Temple (1/1) D:7            Lair (5/5) D:8
 Shoals (0/4) Lair:3        Snake (0/4) Lair:3        Slime (0/5) Lair:4
    Orc (2/2) D:10            Elf (0/3) Orc:2        Vaults (0/5) D:14
 Depths (0/4) D:15        Ossuary (visited)         Volcano (visited)
Gauntlet (visited)

Altars:
Ashenzari
Cheibriados
Dithmenos
Elyvilon
Fedhas
Gozag
Hepliaklqana
Kikubaaqudgha
Makhleb
Nemelex Xobeh
Okawaru
Qazlal
Ru
Sif Muna
Trog
Uskayaw
Vehumet
Wu Jian
Xom
Yredelemnul
Zin
The Shining One

Shops:
D:5 [   Orc:1 =   Orc:2 :=[(*

Portals:
Trove: D:14 (give +5 fire dragon scales)

Annotations:
D:11 -Dig -1 runed translucent door
D:15 Casa


Innate Abilities, Weirdness & Mutations

You have a pair of horns on your head.
You reflexively headbutt those who attack you in melee.
You are somewhat resistant to further mutation.


Message History

Unknown command.
You cut the frost giant into ribbons!!!
You headbutt the frost giant, but do no damage.
The frost giant is moderately wounded.
The ice dragon breathes frost at you.
The blast of cold hits the frost giant!
The frost giant resists.
The blast of cold hits you!!!
The necromancer mumbles some strange words.
The necromancer binds the souls of nearby monsters.
You slash the frost giant! You headbutt the frost giant!
The frost giant is severely wounded.
The frost giant misses you.
The necromancer mumbles some strange words.
The necromancer binds the souls of nearby monsters.
Unknown command.
You hit the frost giant but do no damage.
You headbutt the frost giant!
The frost giant is severely wounded.
Unknown command.
You slash the frost giant!
The frost giant is almost dead.
The frost giant hits you with a +1 battleaxe of freezing!
The frost giant freezes you.
Unknown command.
You slash the frost giant!
You kill the frost giant!
Okawaru accepts your kill.
A freezing mist starts to gather...
A frost giant simulacrum comes into view.
The necromancer gestures at you while chanting.
The bolt of negative energy hits the frost giant simulacrum.
The frost giant simulacrum completely resists.
The bolt of negative energy misses you.
As you read the scroll of teleportation, it crumbles to dust.
You feel strangely unstable. The ice dragon breathes frost at you.
The blast of cold hits the frost giant simulacrum.
The frost giant simulacrum completely resists.
The blast of cold hits you!!!
You die...

##..........#..z.###..♣# #.#..#
............#p♣.##.##..## #.#...
###'###.....#.W.#...#...####.#..#
..### #.....##.♣#.⌠.#C♣e#........
#.# #......#e○#...#ZZ#####.....
#.# #......#E##.#.##+##)....##.
#.# #......°.pD.#..............
#'#####........#Z#####..#.###.###
............####@# ##.#.......#
............# #.# #.#..##.#.#
............####.# #.#.....#.#
............'....# #.#.......#
............###############......
............'...^.>.......'......
............###############......
..........[.# ###### #......
............# #....# #......


You could see an ice dragon (soul bound, catching breath), a deep elf pyromancer
(soul bound), a necromancer, a fire elemental (summoned) and a frost giant
simulacrum.

Vanquished Creatures
  Rupert (D:12)
  A lich (D:11)
  Frances (D:12)
  A frost giant (D:11)
  A caustic shrike skeleton (D:15)
  A minotaur (Gauntlet)
  Snorg (Lair:4)
  A fire dragon (D:14)
  Erolcha (Orc:2)
  Fannar (Orc:1)
  5 vault guards (D:14)
  An ogre mage (Volcano)
  2 hydras (Lair:5)
  3 centaur warriors
  A catoblepas (Lair:5)
  8 boulder beetles
  12 two-headed ogres
  The ghost of Anriel the Skirmisher, a journeyman DEHu of Okawaru (D:11)
  Urug (D:11)
  3 death yaks (Lair:4)
  Sonja (Lair:5)
  4 skysharks
  A hell knight (Volcano)
  7 skeletal warriors
  A fire crab (D:8)
  A sixfirhy (Gauntlet)
  A flayed ghost (D:15)
  A deep elf pyromancer (D:15)
  10 orc knights (Orc:2)
  2 necromancers
  7 cyclopes
  2 stone giant zombies (D:15)
  7 ugly things
  2 manticores
  2 black mambas
  A torpor snail (Lair:4)
  A fire giant skeleton (D:15)
  9 elephants
  2 molten gargoyles (Volcano)
  Maurice (D:9)
  A gargoyle (D:10)
  7 cane toads
  A yaktaur (shapeshifter) (D:14)
  A kobold demonologist (D:11)
  3 tengu conjurers (D:13)
  7 komodo dragons
  A freezing wraith (D:15)
  4 rime drakes
  6 polar bears
  3 meliai (D:14)
  6 trolls
  A burning bush (Lair:4)
  3 hornets (Lair:5)
  13 blink frogs
  3 dream sheep (Lair:5)
  A centaur simulacrum (D:11)
  3 slime creatures (Lair:4)
  5 wraiths
  15 spriggans (Lair:5)
  4 wyverns
  3 shadows (Gauntlet)
  2 fire bats (Volcano)
  4 basilisks
  48 yaks
  2 steam dragons
  6 wargs
  8 vampire mosquitoes (D:12)
  6 humans (D:14)
  3 acid dragons
  5 nagas (Lair:3)
  15 water moccasins
  33 orc warriors
  2 ice beasts
  A sky beast (D:6)
  3 black bears
  26 wolves
  12 centaurs
  3 boggarts (Lair:5)
  5 ogres (Orc:1)
  A phantom (D:6)
  5 kobold brigands
  A gnoll sergeant (D:8)
  14 bullfrogs
  A scorpion (D:5)
  4 elf skeletons (D:4)
  5 wights
  6 killer bees (D:8)
  7 howler monkeys
  5 lava snakes (Volcano)
  4 hounds
  3 jellies
  16 orc priests
  A gnoll bouda (D:4)
  Natasha (thrice) (D:3)
  6 iguanas
  20 orc wizards
  2 human skeletons (D:4)
  23 gnolls
  4 adders
  2 white imps (D:7)
  2 ufetubi (Gauntlet)
  3 adder zombies
  A worm (D:5)
  6 dart slugs
  78 orcs
  A bat skeleton (D:2)
  6 endoplasms
  4 giant cockroaches (D:2)
  6 goblins
  6 hobgoblins
  2 quokkas
  8 ball pythons
  A ball python zombie (D:2)
  10 bats
  4 hobgoblin skeletons (Ossuary)
  21 kobolds
  3 orc skeletons (D:4)
  4 orc zombies
  3 rats
687 creatures vanquished.

Vanquished Creatures (others)
  A vault guard (D:14)
  An orc wizard (D:5)
  A giant cockroach (D:3)
  A hobgoblin (D:3)
4 creatures vanquished.

Grand Total: 691 creatures vanquished

Notes
Turn   | Place    | Note
-------+----------+-------------------------------------------
     0 | D:1      | Peloso the Minotaur Fighter began the quest for the Orb.
     0 | D:1      | Reached XP level 1. HP: 19/19 MP: 0/0
   245 | D:1      | Reached XP level 2. HP: 27/27 MP: 1/1
   452 | D:1      | Reached skill level 4 in Fighting
   677 | D:1      | Identified a scroll of acquirement
   677 | D:1      | Acquired 806 gold pieces
   889 | D:2      | Reached XP level 3. HP: 29/34 MP: 2/2
  1232 | D:2      | Reached XP level 4. HP: 34/36 MP: 3/3
  1680 | D:2      | Gained mutation: You are somewhat resistant to further
                  | mutation. [potion of mutation]
  1780 | D:3      | Reached XP level 5. HP: 18/47 MP: 4/4
  2065 | D:3      | Reached skill level 1 in Dodging
  2142 | D:3      | Noticed Natasha
  2157 | D:3      | Killed Natasha
  2221 | D:3      | Noticed Natasha
  2316 | D:3      | Killed Natasha
  2353 | D:3      | Noticed Natasha
  2364 | D:3      | Killed Natasha
  2365 | D:3      | Reached skill level 5 in Fighting
  2365 | D:3      | Reached skill level 5 in Armour
  2781 | D:3      | Reached XP level 6. HP: 56/56 MP: 5/5
  2874 | D:4      | Reached skill level 5 in Long Blades
  3065 | D:4      | Reached skill level 5 in Shields
  3077 | D:4      | Reached XP level 7. HP: 51/61 MP: 6/6
  3081 | D:4      | Found a sand-covered staircase.
  3110 | Ossuary  | Entered an ossuary
  3223 | Ossuary  | Noticed a wraith
  3223 | Ossuary  | Noticed a flying skull
  3234 | Ossuary  | Noticed a flying skull
  3236 | Ossuary  | Noticed a flying skull
  3270 | Ossuary  | Noticed a wraith
  3288 | Ossuary  | Killed a wraith
  3381 | Ossuary  | Noticed a flying skull
  3496 | Ossuary  | Noticed a flying skull
  3497 | Ossuary  | Noticed a wraith
  3509 | Ossuary  | Killed a wraith
  3651 | D:4      | Reached XP level 8. HP: 62/70 MP: 7/7
  4302 | D:4      | Reached skill level 6 in Fighting
  4650 | D:5      | Entered Level 5 of the Dungeon
  5403 | D:5      | Found Wivas's Antique Armour Shoppe.
  5875 | D:6      | Reached XP level 9. HP: 78/78 MP: 8/8
  5892 | D:6      | Reached skill level 7 in Fighting
  5921 | D:6      | Found a bloodstained altar of Trog.
  6142 | D:6      | Found a hazy altar of Hepliaklqana.
  6457 | D:6      | Found a hide-covered altar of Uskayaw.
  6466 | D:6      | Reached skill level 10 in Long Blades
  6573 | D:6      | Noticed a troll
  6587 | D:6      | Killed a troll
  6848 | D:6      | Identified the +4 rapier of True Grit {drain, rPois rN+}
  7050 | D:7      | Found a staircase to the Ecumenical Temple.
  7061 | D:7      | Reached skill level 8 in Fighting
  7064 | Temple   | Entered the Ecumenical Temple
  7072 | Temple   | Became a worshipper of Warmaster Okawaru
  8634 | D:8      | Reached * piety under Okawaru
  8701 | D:8      | Reached skill level 9 in Fighting
  8785 | D:8      | Reached XP level 10. HP: 91/91 MP: 9/9
  8843 | D:8      | Found a staircase to the Lair.
  8844 | D:8      | Noticed a fire crab
  8884 | D:8      | Killed a fire crab
  8885 | D:8      | Reached skill level 10 in Armour
  9273 | D:8      | Found the +3 pair of gauntlets of War {Slay+5}
  9581 | D:9      | Reached skill level 10 in Fighting
  9674 | D:9      | Noticed Maurice
 10132 | D:9      | Killed Maurice
 10280 | D:9      | Noticed a two-headed ogre
 10289 | D:9      | Killed a two-headed ogre
 10289 | D:9      | Reached ** piety under Okawaru
 10360 | D:9      | Reached skill level 1 in Unarmed Combat
 10367 | D:9      | Found a glowing golden altar of the Shining One.
 10442 | D:9      | Noticed a two-headed ogre
 10447 | D:9      | Killed a two-headed ogre
 10583 | D:9      | Found a shimmering altar of Xom.
 10818 | D:10     | Entered Level 10 of the Dungeon
 10831 | D:10     | Noticed a two-headed ogre
 10839 | D:10     | Killed a two-headed ogre
 10988 | D:10     | Noticed a two-headed ogre
 10995 | D:10     | Killed a two-headed ogre
 10995 | D:10     | Reached *** piety under Okawaru
 10996 | D:10     | Reached skill level 11 in Fighting
 10996 | D:10     | Reached skill level 1 in Stealth
 10996 | D:10     | Reached XP level 11. HP: 84/102 MP: 10/10
 11161 | D:10     | Noticed a two-headed ogre
 11168 | D:10     | Killed a two-headed ogre
 11169 | D:10     | Reached skill level 1 in Invocations
 11454 | D:10     | Found a staircase to the Orcish Mines.
 11687 | D:11     | Found a runed translucent door.
 11694 | D:11     | Noticed a deep elf pyromancer
 11694 | D:11     | Noticed a frost giant
 11694 | D:11     | Noticed a skeletal warrior
 11694 | D:11     | Noticed a skeletal warrior
 11694 | D:11     | Noticed an ice dragon
 11695 | D:11     | Noticed a lich
 11696 | D:11     | Noticed a skeletal warrior
 11698 | D:11     | Noticed Anriel's ghost (journeyman DEHu)
 11698 | D:11     | Noticed a skeletal warrior
 11699 | D:11     | Noticed a necromancer
 11702 | D:11     | Found a runed translucent door.
 11705 | D:11     | Noticed a two-headed ogre
 11717 | D:11     | Killed a two-headed ogre
 11717 | D:11     | Reached **** piety under Okawaru
 11741 | D:11     | Noticed Urug
 11814 | D:11     | Killed Urug
 11842 | D:11     | Noticed a two-headed ogre
 12626 | D:11     | Reached skill level 12 in Fighting
 12990 | Lair:1   | Entered Level 1 of the Lair of Beasts
 13071 | Lair:1   | Reached ***** piety under Okawaru
 13263 | Lair:1   | Reached skill level 13 in Fighting
 13346 | Lair:1   | Received a gift from Okawaru
 13364 | Lair:1   | You fall into a shaft and drop 1 floor!
 13500 | Lair:2   | Reached XP level 12. HP: 116/116 MP: 12/12
 14494 | Lair:1   | Identified the +5 mace of Okawaru, Winnowing {flame, rPois}
                  | (Okawaru gifted it to you on level 1 of the Lair of Beasts)
 14494 | Lair:1   | Received a gift from Okawaru
 14923 | Lair:3   | Found a dark tunnel.
 14932 | Volcano  | Entered a volcano
 15057 | Volcano  | Reached skill level 10 in Shields
 15181 | Volcano  | Reached skill level 1 in Maces & Flails
 15305 | Volcano  | Found a bloodstained altar of Trog.
 15305 | Volcano  | Noticed a two-headed ogre
 15305 | Volcano  | Noticed a two-headed ogre
 15305 | Volcano  | Noticed an ogre mage
 15305 | Volcano  | Noticed a two-headed ogre
 15310 | Volcano  | Killed a two-headed ogre
 15311 | Volcano  | Reached skill level 14 in Fighting
 15317 | Volcano  | Killed an ogre mage
 15327 | Volcano  | Killed a two-headed ogre
 15332 | Volcano  | Killed a two-headed ogre
 15385 | Volcano  | Noticed a two-headed ogre
 15388 | Volcano  | Killed a two-headed ogre
 15535 | Volcano  | Reached skill level 5 in Maces & Flails
 15685 | Lair:3   | Found a staircase to the Snake Pit.
 15743 | Lair:3   | Received a gift from Okawaru
 15818 | Lair:3   | Found a staircase to the Shoals.
 16700 | D:12     | Reached XP level 13. HP: 125/125 MP: 13/13
 16767 | D:12     | Noticed Rupert
 16787 | D:12     | Killed Rupert
 17259 | D:12     | Noticed Frances
 17277 | D:12     | Killed Frances
 17277 | D:12     | Identified the +2 pair of gloves of the Gastropod {rElec
                  | Str+5} (Okawaru gifted it to you on level 12 of the
                  | Dungeon)
 17277 | D:12     | Received a gift from Okawaru
 17278 | D:12     | Reached skill level 15 in Fighting
 17521 | Orc:1    | Entered Level 1 of the Orcish Mines
 17529 | Orc:1    | Noticed Fannar
 17561 | Orc:1    | Killed Fannar
 17681 | Orc:2    | Entered Level 2 of the Orcish Mines
 17693 | Orc:2    | Found Hemuad's Armour Emporium.
 17996 | Orc:2    | Noticed Erolcha
 18005 | Orc:2    | Killed Erolcha
 18174 | Orc:2    | Reached skill level 10 in Maces & Flails
 18211 | Orc:2    | Found Doomigis's Book Boutique.
 18269 | Orc:2    | Found Hol Noagia's Jewellery Emporium.
 18336 | Orc:2    | Found Zylalyur's Weapon Boutique.
 18336 | Orc:2    | Found Ydasalos's Assorted Antiques.
 18414 | Orc:2    | Reached skill level 16 in Fighting
 18525 | Orc:2    | Found a staircase to the Elven Halls.
 19007 | Orc:1    | Found Metoaxoo's Jewellery Shop.
 19319 | D:13     | Reached XP level 14. HP: 51/137 MP: 14/14
 21013 | Lair:4   | Noticed Snorg
 21032 | Lair:4   | Identified the +7 long sword of the Tiger {pain, rElec rN+
                  | SInv Stlth+} (Okawaru gifted it to you on level 4 of the
                  | Lair of Beasts)
 21032 | Lair:4   | Received a gift from Okawaru
 21051 | Lair:4   | Killed Snorg
 21052 | Lair:4   | Reached skill level 15 in Armour
 21358 | Lair:4   | Found a staircase to the Slime Pits.
 21403 | Lair:4   | Reached skill level 17 in Fighting
 21738 | Lair:5   | Entered Level 5 of the Lair of Beasts
 21820 | Lair:5   | Identified the +2 robe of Okawaru's Scorn {Int+3} (Okawaru
                  | gifted it to you on level 5 of the Lair of Beasts)
 21820 | Lair:5   | Received a gift from Okawaru
 21820 | Lair:5   | Reached ****** piety under Okawaru
 22166 | Lair:5   | Found an ancient bone altar of Kikubaaqudgha.
 22806 | Lair:5   | Noticed Sonja
 22836 | Lair:5   | Killed Sonja
 22890 | Lair:5   | Reached skill level 15 in Shields
 22986 | Lair:5   | Reached XP level 15. HP: 149/149 MP: 15/15
 23732 | D:14     | Found a gate leading to a gauntlet.
 23759 | Gauntlet | Entered a Gauntlet
 23759 | Gauntlet | Found a transporter.
 23770 | Gauntlet | Found a transporter.
 23772 | Gauntlet | Found a transporter.
 23774 | Gauntlet | Found a transporter.
 23802 | Gauntlet | Found a transporter.
 23804 | Gauntlet | Found a transporter.
 23821 | Gauntlet | Found a transporter.
 23837 | Gauntlet | Found a transporter.
 23845 | Gauntlet | Found a transporter.
 23860 | Gauntlet | Found a transporter.
 23876 | Gauntlet | Found a transporter.
 23909 | Gauntlet | Found a transporter.
 23939 | Gauntlet | Found a transporter.
 23951 | Gauntlet | Found a transporter.
 23963 | Gauntlet | Found a transporter.
 23981 | Gauntlet | Found a transporter.
 23999 | Gauntlet | Found a transporter.
 24001 | Gauntlet | Found a transporter.
 24287 | Gauntlet | Reached skill level 15 in Long Blades
 24370 | Gauntlet | Identified the +1 cloak of Untruth {Fly rPois Int+3}
 24500 | D:14     | Reached skill level 18 in Fighting
 24608 | D:14     | Found a snail-covered altar of Cheibriados.
 24690 | D:14     | Identified the +6 plate armour "Guqao" {Contam rPois MP+9
                  | Int+5} (Okawaru gifted it to you on level 14 of the
                  | Dungeon)
 24690 | D:14     | Received a gift from Okawaru
 24709 | D:14     | Found a portal to a secret trove of treasure.
 25141 | D:14     | Found a gate to the Vaults.
 25302 | D:15     | Entered Level 15 of the Dungeon
 25595 | D:15     | Found a staircase to the Depths.
 25657 | D:15     | Received a gift from Okawaru
 26744 | D:11     | Killed a lich
 26758 | D:11     | Killed Anriel's ghost
 26765 | D:11     | Killed a frost giant
 26766 | D:11     | Killed from afar by an ice dragon

Illustrated notes

Levels and vault maps discovered:
D:1:      noname_arrival_rooms_in_the_neighbourhood, layout_basic,
          hangedman_decor_points, chequers_serial_rivers_micro_d
D:2:      layout_basic, serial_undead, serial_undead_b, serial_undead_f,
          serial_undead_b, serial_undead_d, serial_undead_c
D:3:      layout_basic, uniq_natasha
D:4:      layout_basic, nicolae_ossuary_entry_catacombs,
          minmay_manual_macuahuitl
D:5:      layout_loops_cross, serial_shops, nicolae_shop_advertising_works
          [nicolae_subvault_shop_adworks], amcnicky_mini_corridor_feature
D:6:      layout_basic, nicolae_uskayaw_dance_studio,
          mainiacjoe_overflow_catch_the_wave
D:7:      layout_layer_cave, minmay_temple_entry_hall
D:8:      layout_basic, minmay_lair_entry_lava
D:9:      layout_cave_pools, old_standard_altar, xom_butterflies, uniq_maurice
D:10:     layout_irregular_city, orc_0_dummy
D:11:     layout_basic, muffindrake_ghost_dual_entry,
          onia_ninara_dug_in_and_dangerous, uniq_urug
D:12:     layout_basic, uniq_rupert, uniq_frances
D:13:     layout_layer_cave
D:14:     layout_irregular_city, ximxim_vaults_locker_room, enter_trove_1,
          gauntlet_entry_generic, cheibriados_altar_1
D:15:     gammafunk_depths_entry_grave, layout_cave_pools,
          reono_crystal_passage, minmay_orc_keep
Temple:   sentei_temple_godly_chess
Lair:1:   layout_roguey, minivault_27
Lair:2:   wander_river, layout_gridlike, chequers_serial_rivers_micro_b
Lair:3:   layout_cave_pods, elwin_shoals_entry_rocks,
          minmay_snake_entry_guardpost_medium, enter_volcano_1,
          grunt_megastairs_4, lemuel_fruit_tree
Lair:4:   layout_loops_ring, minmay_slime_entry_pillars, evilmike_ambush
          [evilmike_ambush_outer_pillars, evilmike_ambush_inner_basic],
          serial_bayou_shore_a, uniq_snorg
Lair:5:   minmay_lair_end_enchanted_forest, layout_layer_cave, basic_altar,
          chequers_serial_rivers_small_b, chequers_serial_rivers_small_a,
          grunt_megastairs_3, uniq_sonja
Orc:1:    layout_caves, serial_shops, nicolae_shop_tiny_statue_garden,
          uniq_fannar
Orc:2:    st_orc_town, layout_diamond_mine, serial_shops, shop, uniq_erolcha

Skill      XL: |  1  2  3  4  5  6  7  8  9 10 11 12 13 14 15 |
---------------+----------------------------------------------+-----
Armour         | 4 5 6 7 9 11 12 14 15 16 | 16.1
Fighting       | 4 5 6 9 11 13 14 16 17 18 | 18.6
Shields        | 4 5 6 8 9 10 13 15 16 | 16.8
Long Blades    | 3 4 5 7 9 11 12 13 14 15 | 15.6
Dodging        | 1 2 3 4 |  4.9
Unarmed Combat | 2 |  2.5
Stealth        | 1 |  1.6
Invocations    | 1 2 |  2.3
Maces & Flails | 7 10 12 | 12.5

Action                     |  1- 3 |  4- 6 |  7- 9 | 10-12 | 13-15 || total
---------------------------+-------+-------+-------+-------+-------++-------
  Melee: Long sword        |    65 |   168 |   196 |       |   715 ||  1144
         Headbutt          |     7 |    37 |    84 |   124 |   410 ||   662
         Falchion          |       |       |   263 |   308 |       ||   571
         Unarmed           |       |       |       |     9 |       ||     9
         Mace              |       |       |       |   136 |   591 ||   727
 Invoke: Heroism           |       |       |       |    11 |    15 ||    26
    Use: Scroll            |     6 |     2 |     8 |     5 |     5 ||    26
         Potion            |       |     4 |       |     1 |     2 ||     7
 Armour: Scale mail        |    32 |    39 |       |       |       ||    71
         Chain mail        |       |    53 |   240 |    93 |       ||   386
         Skin              |       |       |       |     5 |       ||     5
         Plate armour      |       |       |       |   181 |   485 ||   666
  Dodge: Dodged            |    37 |    73 |   140 |   238 |   580 ||  1068
  Block: Buckler           |    19 |    39 |    77 |    75 |       ||   210
         Kite shield       |       |       |       |   132 |   912 ||  1044
